 Dungeon Crawl Stone Soup version 0.29.1-15-g9cfb28693d (webtiles) character file.

Game seed: 10929808754024295701

1272 Gabide the Chopper (level 8, -11/88 HPs)
             Began as an Ogre Monk on Apr 19, 2023.
             Was a Believer of Elyvilon.
             Mangled by Edmund
             ... wielding a +5 dire flail of protection
              (13 damage)
             ... on level 6 of the Dungeon.
             The game lasted 00:08:11 (7954 turns).

Gabide the Chopper (Ogre Monk)                      Turns: 7954, Time: 00:08:12

Health: -11/88     AC:  3    Str: 18    XL:     8   Next: 53%
Magic:  8/8        EV: 11    Int: 11    God:    Elyvilon [**....]
Gold:   194        SH:  0    Dex: 11    Spells: 7/7 levels left

rFire   . . .      SeeInvis .   a - +0 hand axe (venom)
rCold   . . .      Faith    .   (no shield)
rNeg    + . .      Spirit   .   b - +0 robe
rPois   +          Reflect  .   (helmet restricted)
rElec   .          Harm     .   n - scarf {shadows}
rCorr   .          Rampage  .   (gloves unavailable)
Will    .....                   (boots unavailable)
Stlth   ++........              (no amulet)
HPRegen 0.24/turn               m - ring of poison resistance
MPRegen 0.11/turn               q - ring of positive energy

@: about to teleport
A: large, unfitting armour, tough skin 1
a: Renounce Religion, Purification, Heal Other


You were on level 6 of the Dungeon.
You worshipped Elyvilon.
Elyvilon was pleased with you.
You visited 2 branches of the dungeon, and saw 7 of its levels.

You collected 252 gold pieces.
You spent 58 gold pieces at shops.

Inventory:

Hand Weapons
 a - a +0 hand axe of venom (weapon)
 h - a +0 giant spiked club
Missiles
 f - 12 stones (quivered)
Armour
 b - a +0 robe (worn)
 k - a +0 cloak
 n - a scarf of shadows (worn)
Jewellery
 m - a ring of poison resistance (left hand)
 o - a ring of fire
 q - a ring of positive energy (right hand)
Wands
 r - a wand of flame (15)
Scrolls
 d - 3 scrolls of poison
 g - a scroll of amnesia
 l - 5 scrolls of magic mapping
 p - 3 scrolls of teleportation
 s - a scroll of vulnerability {unknown}
Potions
 e - a potion of lignification
 i - 2 potions of mutation
 j - a potion of resistance
 t - a potion of attraction {unknown}


   Skills:
 + Level 7.7 Fighting
 * Level 7.7 Axes
 + Level 5.2 Dodging
 - Level 1.4 Stealth


You had 7 spell levels left.
You didn't know any spells.
Your spell library contained the following spells:

 Spells                   Type           Power      Damage    Failure   Level
 Ensorcelled Hibernation  Hex/Ice        0%         N/A       47%         2
 Corpse Rot               Necr/Pois/Air  0%         N/A       98%         4
 Dispel Undead            Necr           0%         3d6       98%         4
 Borgnjor's Vile Clutch   Necr/Erth      0%         N/A       100%        5
 Death Channel            Necr           0%         N/A       100%        6
 Necromutation            Tmut/Necr      0%         N/A       100%        8


Dungeon Overview and Level Annotations

Branches:
Dungeon (6/15)             Temple (1/1) D:5

Altars:
Ashenzari
Cheibriados
Dithmenos
Elyvilon
Fedhas
Gozag
Hepliaklqana
Kikubaaqudgha
Makhleb
Nemelex Xobeh
Okawaru
Qazlal
Ru
Sif Muna
Trog
Vehumet
Wu Jian
Xom
Yredelemnul
Zin
The Shining One

Shops:
D:1 [

Annotations:
D:6 Edmund


Innate Abilities, Weirdness & Mutations

You are too large for most types of armour.
You have tough skin. (AC +1)


Message History

Key pressed, stopping explore.
Found a stone staircase leading down.
Edmund the Younger comes into view.
He is wielding a +5 dire flail of protection and carrying a wand of light (9).
Edmund shouts!
Edmund zaps a wand.
The bolt of light misses you.
Okay, then.
Okay, then.
Press: ? - help, Dir - move target, f - Edmund Heal: Edmund, wielding a +5 dire flail of protection, wearing a +0 scale mail and carrying a wand of light (8) (uninterested) Unknown command.
Unknown command.
As you read the scroll labelled ATWAOSMAOCO, it crumbles to dust.
It is a scroll of amnesia.
You feel forgetful for a moment.
Blink to where?
Press: ? - help, Dir - move target
As you read the scroll labelled QAQUAD TYGRUPPAH, it crumbles to dust.
It was a scroll of blinking.
Edmund hits you with a +5 dire flail of protection!
You hit Edmund but do no damage.
Edmund is poisoned.
Edmund zaps a wand.
The bolt of light hits you!
You barely miss Edmund.
Edmund is lightly wounded.
Edmund drinks a potion.
Edmund seems to grow stronger.
You hit Edmund but do no damage.
Edmund looks as sick as possible!
Edmund is lightly wounded.
Edmund hits you with a +5 dire flail of protection!!
You closely miss Edmund.
Edmund is lightly wounded.
Edmund zaps a wand.
The bolt of light hits you!
* * * LOW HITPOINT WARNING * * *
Unknown command.
As you read the scroll of teleportation, it crumbles to dust.
You feel strangely unstable.
Edmund hits you with a +5 dire flail of protection!!
* * * LOW HITPOINT WARNING * * *
Unknown command.
Edmund attacks as you move away!
Edmund hits you with a +5 dire flail of protection!
You die...

###..#..#
#...#.# #..#..#
#...#.#
#..##.###.###.#
#..##.........#
##.######.######
#.............#
.######.####.#
#.# #.#
###.####@#
....>..@.#
##########


You could see Edmund (strong, very poisoned).

Vanquished Creatures
  3 black bears
  An ice beast (D:5)
  An ogre (D:4)
  2 phantoms (D:5)
  Blork the orc (D:5)
  A howler monkey (D:6)
  A jelly (D:4)
  4 hounds
  2 iguanas
  4 orc wizards
  7 gnolls
  5 adders
  2 white imps
  2 ufetubi
  3 dart slugs
  16 orcs
  9 endoplasms
  6 goblins
  12 hobgoblins
  5 jackals
  6 quokkas
  6 ball pythons
  7 bats
  10 frilled lizards
  2 kobolds (D:2)
  6 rats
  A spectral goblin (D:1)
125 creatures vanquished.

Vanquished Creatures (others)
  5 plants (D:5)
5 creatures vanquished.

Grand Total: 130 creatures vanquished

Notes
Turn   | Place    | Note
-------+----------+-------------------------------------------
     0 | D:1      | Gabide the Ogre Monk began the quest for the Orb.
     0 | D:1      | Reached XP level 1. HP: 24/24 MP: 1/1
   168 | D:1      | Found a faded altar of an unknown god.
   435 | D:1      | Reached XP level 2. HP: 24/32 MP: 2/2
   738 | D:1      | Got Uherr's Secrets of Frozen Necromancy
   797 | D:1      | Found Addy's Armour Emporium.
  1255 | D:2      | Reached XP level 3. HP: 40/40 MP: 3/3
  2192 | D:1      | Bought a +0 cloak for 58 gold pieces
  2865 | D:3      | Reached XP level 4. HP: 49/49 MP: 4/4
  3530 | D:3      | Reached skill level 5 in Fighting
  3721 | D:3      | Reached XP level 5. HP: 47/57 MP: 5/5
  4467 | D:4      | Noticed a black bear
  4480 | D:4      | Killed a black bear
  4481 | D:4      | Reached skill level 5 in Axes
  4481 | D:4      | Reached XP level 6. HP: 29/66 MP: 6/6
  5071 | D:4      | Reached XP level 7. HP: 74/75 MP: 7/7
  5597 | D:5      | Entered Level 5 of the Dungeon
  5907 | D:5      | Noticed Blork the orc
  5925 | D:5      | Killed Blork the orc
  6243 | D:5      | Reached XP level 8. HP: 53/87 MP: 8/8
  6617 | D:5      | Found a staircase to the Ecumenical Temple.
  6857 | Temple   | Entered the Ecumenical Temple
  6955 | Temple   | Became a worshipper of Elyvilon the Healer
  6955 | Temple   | Reached * piety under Elyvilon
  6955 | Temple   | Reached ** piety under Elyvilon
  7197 | D:5      | Reached skill level 5 in Dodging
  7451 | D:5      | Found a radiant altar of Vehumet.
  7941 | D:6      | Noticed Edmund
  7952 | D:6      | HP: 2/88 [Edmund/+5 dire flail of protection (22)]
  7954 | D:6      | Mangled by Edmund

Illustrated notes

Levels and vault maps discovered:
D:1:      roderic_octagonal_star, layout_loops_ring, serial_shops,
          nicolae_shop_behind_doors, dreamdust_ecumenical_altar_drowned_temple
D:2:      layout_basic, kennysheep_decorative_pillar
D:3:      layout_basic, serial_rivers, chequers_serial_rivers_small_a,
          chequers_serial_rivers_large_b, chequers_serial_rivers_micro_a,
          chequers_serial_rivers_micro_c, chequers_serial_rivers_micro_c,
          chequers_serial_rivers_micro_c, kennysheep_boxes
D:4:      layout_basic, hex_medium
D:5:      layout_gridville, kennysheep_mini_moat,
          minmay_temple_entry_glassed_door, minmay_lizard_king,
          uniq_blork_the_orc
D:6:      layout_basic, serial_shops, nicolae_stop_n_shop_1,
          minmay_shop_enchanted_jewellery, uniq_edmund
Temple:   nicolae_temple_slightly_damp_pantheon

Skill      XL: |  1  2  3  4  5  6  7  8 |
---------------+-------------------------+-----
Dodging        | 3 4 5 |  5.2
Axes           | 4 5 7 |  7.7
Fighting       | 5 6 7 |  7.7
Stealth        | |  1.4

Action                   |  1- 3 |  4- 6 |  7- 9 || total
-------------------------+-------+-------+-------++-------
Melee: Hand axe          |   147 |   149 |   157 ||   453
       Punch             |     1 |     3 |     1 ||     5
       Giant spiked club |       |       |    29 ||    29
Throw: Stone             |     1 |       |     5 ||     6
       Throwing net      |       |     1 |       ||     1
  Use: Scroll            |     4 |     4 |     3 ||    11
       Potion            |       |     3 |     3 ||     6
 Stab: Sleeping          |     5 |     2 |     2 ||     9
       Held in net/web   |       |     1 |       ||     1
Armor: Robe              |    43 |    56 |    48 ||   147
       Skin              |       |       |    15 ||    15
Dodge: Dodged            |    58 |   111 |   113 ||   282
